Mulligans vs Sewer Rats
Created - April 11, 2019 at 19:45
Goals
|
| Mulligans |
0 |
2 |
1 |
3 |
| Sewer Rats |
0 |
1 |
1 |
2 |
|
Shots
|
| Mulligans |
13 |
13 |
9 |
35 |
| Sewer Rats |
9 |
12 |
11 |
32 |
|
1st period
No Goal
Penalties :
Anthony Duclair (Tol) for Tripping (Minor) at 0:43, Cody Goloubef (Rep) for Tripping (Minor) at 3:23, Logan Shaw (Rep) for Roughing (Minor) at 14:16, Sven Baertschi (Rep) for Boarding (Major) at 18:34
2nd period
1. Mulligans , Sven Baertschi 17 (Logan Shaw 28, Matt Hunwick 2) at 7:29
2. Sewer Rats , Joel Edmundson 2 (Erik Condra 16, Daniel Carr 35) at 10:58
3. Mulligans , Logan Shaw 19 (Anton Lander 35, Matt Hunwick 3) at 17:08 (PP)
Penalties :
Mark Mancari (Tol) for Charging (Double Minor) at 16:33
3rd period
4. Sewer Rats , Martin Frk 19 (Ryan Murphy 12, Connor Carrick 6) at 13:25
5. Mulligans , Jonathan Tremblay 26 (Maxime Macenauer 31) at 15:32 (SH)
Penalties :
Logan Shaw (Rep) for Tripping (Minor) at 11:11, Drayson Bowman (Rep) for Diving (Minor) at 15:10
Goalie Stats
Calvin Pickard (Rep), 30 saves from 32 shots - (0.938), W, 21-15-6, 60:00 minutes
Marek Mazanek (Tol), 32 saves from 35 shots - (0.914), L, 40-8-5, 60:00 minutes
Players Stats for Mulligans
Player Name G A P +/- PIM S H SB GA TA FO MP PP MP PK MP
------------------------------------------------------------------------------------
Alexander Sulzer 0 0 0 1 0 3 1 4 0 3 0/0 24:33 2:43 7:49
Anton Lander 0 1 1 0 0 4 4 0 1 1 7/12 17:56 2:04 4:27
Cade Fairchild 0 0 0 1 0 1 0 1 0 0 0/0 15:17 0:00 4:50
Christoph Bertschy 0 0 0 0 0 0 0 0 0 0 0/1 7:16 0:00 0:00
Cody Goloubef 0 0 0 -2 2 1 0 0 0 1 0/0 17:57 0:00 4:09
Dalton Thrower 0 0 0 0 0 0 0 0 0 0 0/0 5:55 0:00 0:18
Darren Dietz 0 0 0 0 0 0 0 1 0 0 0/0 5:37 0:00 0:00
Drayson Bowman 0 0 0 -1 2 0 1 0 0 0 0/0 9:49 0:00 0:02
Eric Tangradi 0 0 0 -1 0 2 1 0 0 0 0/0 21:27 2:28 4:25
Jonathan Tremblay 1 0 1 1 0 1 2 1 0 0 0/0 15:21 0:01 6:55
Joonas Donskoi 0 0 0 -1 0 2 0 0 1 0 0/0 11:08 0:01 0:00
Logan Shaw 1 1 2 0 4 3 0 2 0 0 0/0 13:11 2:04 0:00
Matt Beleskey 0 0 0 0 0 2 0 0 0 0 0/0 6:55 0:00 0:00
Matt Donovan 0 0 0 -1 0 0 0 2 0 0 0/0 14:02 1:50 0:00
Matt Hunwick 0 2 2 1 0 2 1 3 0 1 0/0 24:11 2:43 7:27
Maxime Macenauer 0 1 1 0 0 6 3 0 0 0 6/16 16:57 0:01 7:14
Michael Sdao 0 0 0 0 0 1 0 1 0 1 0/0 12:32 1:50 1:17
Nick Bonino 0 0 0 0 0 4 2 1 0 0 14/22 17:33 2:28 2:00
Sven Baertschi 1 0 1 1 5 2 0 0 1 0 0/0 13:50 2:04 0:47
Valeri Nichushkin 0 0 0 0 0 1 0 0 0 0 1/2 15:33 2:28 0:00
Players Stats for Sewer Rats
Player Name G A P +/- PIM S H SB GA TA FO MP PP MP PK MP
------------------------------------------------------------------------------------
Anthony Duclair 0 0 0 0 2 1 2 1 1 0 0/0 11:22 0:00 0:00
Connor Carrick 0 1 1 1 0 0 0 0 0 0 0/0 12:33 0:00 0:00
Daniel Carr 0 1 1 0 0 2 0 0 0 0 0/0 16:42 5:35 0:45
Dmitrij Jaskin 0 0 0 0 0 0 0 0 0 0 0/0 6:32 0:00 0:00
Erik Condra 0 1 1 0 0 4 3 0 2 0 1/2 18:53 5:35 2:56
Jarred Tinordi 0 0 0 -1 0 2 3 4 1 1 0/0 25:06 7:29 2:42
Joel Edmundson 1 0 1 0 0 3 0 1 0 0 0/0 21:07 5:26 1:51
John Ramage 0 0 0 0 0 1 1 3 0 1 0/0 21:07 5:26 1:51
Jonathan Marchessault 0 0 0 0 0 1 5 0 0 0 13/33 22:17 7:04 0:52
Joseph Blandisi 0 0 0 0 0 1 2 0 0 0 0/0 6:32 0:00 0:00
Mark Mancari 0 0 0 0 4 3 4 1 1 0 1/1 22:02 7:03 0:59
Martin Frk 1 0 1 0 0 2 2 0 0 0 0/1 11:36 0:19 0:00
Nick Cousins 0 0 0 0 0 0 0 0 0 0 3/4 8:30 0:00 1:58
Ryan Murphy 0 1 1 1 0 0 0 1 0 0 0/0 10:41 0:00 0:00
Steven Kampfer 0 0 0 -1 0 3 0 1 0 1 0/0 26:14 7:29 2:42
Tomas Tatar 0 0 0 0 0 2 0 0 2 0 1/2 22:27 7:05 0:52
Vincent Trocheck 0 0 0 0 0 3 1 0 0 0 5/8 16:41 5:35 0:44
William Karlsson 0 0 0 0 0 4 0 0 0 0 1/2 11:50 0:28 0:00
Xavier Ouellet 0 0 0 0 0 0 0 0 0 0 0/0 3:12 0:00 0:00
3 Stars
1 - Jonathan Tremblay (Rep)
2 - Matt Hunwick (Rep)
3 - Calvin Pickard (Rep)
Power Play
Mulligans - 1 on 4 Attempt(s) - 25.00%
Sewer Rats - 0 on 4 Attempt(s) - 0.00%
Penalty Kill
Mulligans - 4 on 4 Attempt(s) - 100.00%
- Score 1 goal in Penalty Kill
Sewer Rats - 3 on 4 Attempt(s) - 75.00%
- Score 0 goal in Penalty Kill
Team Stat
Mulligans - Hits : 15 - Faceoff Wins : 28 - Blocked Shots : 16 - Penalty Minutes : 13
Sewer Rats - Hits : 23 - Faceoff Wins : 25 - Blocked Shots : 12 - Penalty Minutes : 6
Official
Referees : Unknown
Linesman : Unknown
Game Notes
0:44 of 2nd period - Sewer Rats goal is going for a video replay. After video review, No Goal. The net was displaced accidentally.
15:30 of 3rd period - Penalty Shot by Steven Kampfer for Sewer Rats - Stopped by Calvin Pickard
Finance
Level 1 -- Attendance: 1523 (76.15%) -- Ticket Income $53,305
Level 2 -- Attendance: 827 (82.70%) -- Ticket Income $14,059
Total Attendance: 2350 (78.33%)
Total Ticket Income: $67,364
Other Income: $3,368
Total Income: $70,732
Mulligans
5 vs 5 Forward
Center Left Wing Right Wing Time % Phy DF OF
1 Nick Bonino Eric Tangradi Valeri Nichushkin 40 0 2 3
2 Anton Lander Sven Baertschi Logan Shaw 30 0 2 3
3 Maxime Macenauer Drayson Bowman Joonas Donskoi 20 1 2 2
4 Christoph Bertschy Matt Beleskey Jonathan Tremblay 10 1 2 2
5 vs 5 Defense
Defense Defense Time % Phy DF OF
1 Alexander Sulzer Matt Hunwick 40 0 3 2
2 Matt Donovan Cody Goloubef 30 0 3 2
3 Michael Sdao Cade Fairchild 20 0 3 2
4 Darren Dietz Dalton Thrower 10 1 3 1
PowerPlay Forward
Center Left Wing Right Wing Time % Phy DF OF
1 Nick Bonino Eric Tangradi Valeri Nichushkin 60 1 1 3
2 Anton Lander Sven Baertschi Logan Shaw 40 1 1 3
PowerPlay Defense
Defense Defense Time % Phy DF OF
1 Alexander Sulzer Matt Hunwick 60 0 2 3
2 Michael Sdao Matt Donovan 40 0 2 3
Penalty Kill 4 Players Forward
Center Wing Time % Phy DF OF
1 Maxime Macenauer Jonathan Tremblay 60 1 3 1
2 Anton Lander Eric Tangradi 40 1 3 1
Penalty Kill 4 Players Defense
Defense Defense Time % Phy DF OF
1 Matt Hunwick Alexander Sulzer 60 1 4 0
2 Cade Fairchild Cody Goloubef 40 1 4 0
Penalty Kill - 3 Players Forward
Forward Time % Phy DF OF
1 Anton Lander 60 1 3 1
2 Jonathan Tremblay 40 1 3 1
Penalty Kill - 3 Players Defense
Defense Defense Time % Phy DF OF
1 Matt Hunwick Cody Goloubef 60 1 4 0
2 Dalton Thrower Alexander Sulzer 40 1 4 0
4 vs 4 Forward
Center Wing Time % Phy DF OF
1 Nick Bonino Eric Tangradi 60 0 2 3
2 Anton Lander Logan Shaw 40 0 2 3
4 vs 4 Defense
Defense Defense Time % Phy DF OF
1 Alexander Sulzer Matt Donovan 60 1 2 2
2 Darren Dietz Matt Hunwick 40 1 2 2
Last Minutes Offensive
Center Left Wing Right Wing Defense Defense
Nick Bonino Eric Tangradi Jonathan Tremblay Alexander Sulzer Matt Hunwick
Last Minutes Defensive
Center Left Wing Right Wing Defense Defense
Anton Lander Eric Tangradi Jonathan Tremblay Alexander Sulzer Matt Hunwick
Goaltenders
Starting : Calvin Pickard
Backup : Juuse Saros
Extra Forwards
Normal : Maxime Macenauer, Joonas Donskoi, Christoph Bertschy - PP : Maxime Macenauer, Jonathan Tremblay - PK : Nick Bonino
Extra Defensemen
Normal : Cade Fairchild, Darren Dietz, Dalton Thrower - PP : Alexander Sulzer - PK : Matt Hunwick, Michael Sdao
Penalty Shots
Christoph Bertschy, Maxime Macenauer, Eric Tangradi, Anton Lander, Nick Bonino
Scratches
Reid Boucher (Healthy), Ben Hutton (Broken Bone (Left Ankle) Injury), Nick Moutrey (Healthy), Stuart Percy (Healthy), John Hayden (Healthy)
Jonny Brodzinski (Healthy), Marek Langhamer (Healthy)
Sewer Rats
5 vs 5 Forward
Center Left Wing Right Wing Time % Phy DF OF
1 Jonathan Marchessault Tomas Tatar Mark Mancari 40 1 2 2
2 Vincent Trocheck Daniel Carr Erik Condra 30 1 2 2
3 William Karlsson Anthony Duclair Martin Frk 20 1 2 2
4 Nick Cousins Joseph Blandisi Dmitrij Jaskin 10 1 2 2
5 vs 5 Defense
Defense Defense Time % Phy DF OF
1 Steven Kampfer Jarred Tinordi 40 1 2 2
2 Joel Edmundson John Ramage 30 1 2 2
3 Ryan Murphy Connor Carrick 20 1 2 2
4 Xavier Ouellet Steven Kampfer 10 1 2 2
PowerPlay Forward
Center Left Wing Right Wing Time % Phy DF OF
1 Jonathan Marchessault Tomas Tatar Mark Mancari 60 1 2 2
2 Vincent Trocheck Daniel Carr Erik Condra 40 1 2 2
PowerPlay Defense
Defense Defense Time % Phy DF OF
1 Steven Kampfer Jarred Tinordi 60 1 2 2
2 Joel Edmundson John Ramage 40 1 2 2
Penalty Kill 4 Players Forward
Center Wing Time % Phy DF OF
1 Mark Mancari Erik Condra 60 1 2 2
2 Tomas Tatar Jonathan Marchessault 40 1 2 2
Penalty Kill 4 Players Defense
Defense Defense Time % Phy DF OF
1 Steven Kampfer Jarred Tinordi 60 1 2 2
2 Joel Edmundson John Ramage 40 1 2 2
Penalty Kill - 3 Players Forward
Forward Time % Phy DF OF
1 Mark Mancari 60 1 2 2
2 Erik Condra 40 1 2 2
Penalty Kill - 3 Players Defense
Defense Defense Time % Phy DF OF
1 Steven Kampfer Jarred Tinordi 60 1 2 2
2 Joel Edmundson John Ramage 40 1 2 2
4 vs 4 Forward
Center Wing Time % Phy DF OF
1 Mark Mancari Erik Condra 60 1 2 2
2 Tomas Tatar Jonathan Marchessault 40 1 2 2
4 vs 4 Defense
Defense Defense Time % Phy DF OF
1 Steven Kampfer Jarred Tinordi 60 1 2 2
2 Joel Edmundson John Ramage 40 1 2 2
Last Minutes Offensive
Center Left Wing Right Wing Defense Defense
Jonathan Marchessault Tomas Tatar Mark Mancari Steven Kampfer Jarred Tinordi
Last Minutes Defensive
Center Left Wing Right Wing Defense Defense
Jonathan Marchessault Tomas Tatar Mark Mancari Steven Kampfer Jarred Tinordi
Goaltenders
Starting : Marek Mazanek
Backup : Antoine Bibeau
Extra Forwards
Normal : William Karlsson, Martin Frk, Nick Cousins - PP : William Karlsson, Martin Frk - PK : Nick Cousins
Extra Defensemen
Normal : Ryan Murphy, Connor Carrick, Xavier Ouellet - PP : Ryan Murphy - PK : Connor Carrick, Xavier Ouellet
Penalty Shots
Mark Mancari, Erik Condra, Tomas Tatar, Jonathan Marchessault, Vincent Trocheck
Scratches
Dominik Kubalik (Healthy), Matt Lashoff (Strained Right Knee Injury), Josh Archibald (Healthy), Jonathan Racine (Healthy), Tyler Motte (Healthy)
Chris Calhan (Healthy), Sergei Kostenko (Healthy)
% Time on Ice - Mulligans
Lines # - Real PCT - Wanted PCT - Time Play
Normal Forward
1 - 33% - 40% - 13:32
2 - 28% - 30% - 11:37
3 - 22% - 20% - 9:17
4 - 17% - 10% - 6:55
Normal Defense
1 - 32% - 40% - 13:05
2 - 33% - 30% - 13:50
3 - 22% - 20% - 9:04
4 - 13% - 10% - 5:22
PP Forward
1 - 55% - 60% - 2:29
2 - 45% - 40% - 2:04
PP Defense
1 - 60% - 60% - 2:43
2 - 40% - 40% - 1:50
PK Forward
1 - 68% - 60% - 8:48
2 - 32% - 40% - 4:07
PK Defense
1 - 60% - 60% - 7:45
2 - 40% - 40% - 5:10
PK3 Forward
1 - 0% - 60%
2 - 0% - 40%
PK3 Defense
1 - 0% - 60%
2 - 0% - 40%
44 Forward
1 - 0% - 60%
2 - 0% - 40%
44 Defense
1 - 0% - 60%
2 - 0% - 40%
Last Minute Offensive - 0:00
Last Minute Defensive - 1:11
Total
Forward - 60:00
Defense - 60:00
|
% Time on Ice - Sewer Rats
Lines # - Real PCT - Wanted PCT - Time Play
Normal Forward
1 - 32% - 40% - 13:05
2 - 26% - 30% - 10:42
3 - 27% - 20% - 11:03
4 - 16% - 10% - 6:32
Normal Defense
1 - 36% - 40% - 14:55
2 - 31% - 30% - 12:40
3 - 26% - 20% - 10:35
4 - 8% - 10% - 3:12
PP Forward
1 - 57% - 60% - 7:20
2 - 43% - 40% - 5:35
PP Defense
1 - 58% - 60% - 7:29
2 - 42% - 40% - 5:26
PK Forward
1 - 81% - 60% - 3:41
2 - 19% - 40% - 0:52
PK Defense
1 - 59% - 60% - 2:42
2 - 41% - 40% - 1:51
PK3 Forward
1 - 0% - 60%
2 - 0% - 40%
PK3 Defense
1 - 0% - 60%
2 - 0% - 40%
44 Forward
1 - 0% - 60%
2 - 0% - 40%
44 Defense
1 - 0% - 60%
2 - 0% - 40%
Last Minute Offensive - 1:10
Last Minute Defensive - 0:00
Total
Forward - 60:00
Defense - 60:00
|
Play-by-Play
1st period
0:01 of 1st period - Nick Bonino wins face-off versus Jonathan Marchessault in neutral zone.
0:03 of 1st period - Off-side.
0:04 of 1st period - Jonathan Marchessault wins face-off versus Nick Bonino in neutral zone.
0:35 of 1st period - Anton Lander is hit by Jarred Tinordi and loses puck.
0:43 of 1st period - Minor Penalty to Anthony Duclair for Tripping.
0:44 of 1st period - Mark Mancari wins face-off versus Nick Bonino in Sewer Rats zone.
2:43 of 1st period - Penalty to Anthony Duclair is over, Anthony Duclair is back on ice.
2:47 of 1st period - Tomas Tatar is hit by Maxime Macenauer and loses puck.
2:54 of 1st period - Backhand shot by Joonas Donskoi.
2:54 of 1st period - Stopped by Marek Mazanek with a rebound.
3:12 of 1st period - Slapshot by Nick Cousins.
3:12 of 1st period - Shot Blocked by Darren Dietz.
3:14 of 1st period - Wrist shot by Nick Cousins.
3:14 of 1st period - Shot Blocked by Jonathan Tremblay.
3:16 of 1st period - Slapshot by Steven Kampfer.
3:16 of 1st period - Stopped by Calvin Pickard without a rebound.
3:17 of 1st period - William Karlsson wins face-off versus Maxime Macenauer in Mulligans zone.
3:23 of 1st period - Minor Penalty to Cody Goloubef for Tripping.
3:24 of 1st period - Jonathan Marchessault wins face-off versus Maxime Macenauer in Mulligans zone.
3:28 of 1st period - Snap shot by Mark Mancari.
3:28 of 1st period - Shot Misses the Net.
3:50 of 1st period - Daniel Carr is hit by Anton Lander and loses puck.
5:17 of 1st period - Icing by Daniel Carr.
5:18 of 1st period - Anton Lander wins face-off versus Vincent Trocheck in Sewer Rats zone.
5:23 of 1st period - Penalty to Cody Goloubef is over, Cody Goloubef is back on ice.
5:33 of 1st period - Snap shot by Nick Bonino.
5:33 of 1st period - Shot Misses the Net.
5:42 of 1st period - Backhand shot by Eric Tangradi.
5:42 of 1st period - Stopped by Marek Mazanek without a rebound.
5:43 of 1st period - Anton Lander wins face-off versus Jonathan Marchessault in Sewer Rats zone.
5:44 of 1st period - Wrist shot by Sven Baertschi.
5:44 of 1st period - Shot Misses the Net.
6:06 of 1st period - Wrist shot by Martin Frk.
6:06 of 1st period - Shot Misses the Net.
6:24 of 1st period - Snap shot by Maxime Macenauer.
6:24 of 1st period - Stopped by Marek Mazanek with a rebound.
6:26 of 1st period - Wrist shot by Maxime Macenauer.
6:26 of 1st period - Stopped by Marek Mazanek without a rebound.
6:27 of 1st period - Vincent Trocheck wins face-off versus Maxime Macenauer in Sewer Rats zone.
6:27 of 1st period - Vincent Trocheck is hit by Drayson Bowman.
6:32 of 1st period - Off-side.
6:33 of 1st period - Jonathan Marchessault wins face-off versus Anton Lander in neutral zone.
6:36 of 1st period - Anton Lander is hit by Mark Mancari and loses puck.
6:43 of 1st period - Wrist shot by Mark Mancari.
6:43 of 1st period - Shot Blocked by Michael Sdao.
6:45 of 1st period - Slapshot by Joel Edmundson.
6:45 of 1st period - Deflect By Logan Shaw.
6:45 of 1st period - Stopped by Calvin Pickard with a rebound.
6:47 of 1st period - Slapshot by John Ramage.
6:47 of 1st period - Stopped by Calvin Pickard with a rebound.
6:49 of 1st period - Snap shot by Mark Mancari.
6:49 of 1st period - Shot Misses the Net.
7:29 of 1st period - Wrist shot by William Karlsson.
7:29 of 1st period - Shot Misses the Net.
7:47 of 1st period - Snap shot by Mark Mancari.
7:47 of 1st period - Deflect By Tomas Tatar.
7:47 of 1st period - Shot Misses the Net.
7:47 of 1st period - Puck is out of play.
7:48 of 1st period - Nick Bonino wins face-off versus Jonathan Marchessault in Mulligans zone.
7:53 of 1st period - Slapshot by Eric Tangradi.
7:53 of 1st period - Shot Hit the Post.
8:05 of 1st period - Snap shot by Jonathan Marchessault.
8:05 of 1st period - Shot Blocked by Matt Hunwick.
8:25 of 1st period - Snap shot by Eric Tangradi.
8:25 of 1st period - Shot Misses the Net.
8:27 of 1st period - Snap shot by Nick Bonino.
8:27 of 1st period - Stopped by Marek Mazanek without a rebound.
8:28 of 1st period - Anton Lander wins face-off versus Erik Condra in Sewer Rats zone.
8:39 of 1st period - Logan Shaw is hit by Vincent Trocheck and loses puck.
9:02 of 1st period - Snap shot by Maxime Macenauer.
9:02 of 1st period - Stopped by Marek Mazanek without a rebound.
9:03 of 1st period - Nick Cousins wins face-off versus Nick Bonino in Sewer Rats zone.
9:03 of 1st period - Nick Cousins is hit by Nick Bonino.
9:21 of 1st period - Snap shot by Steven Kampfer.
9:21 of 1st period - Deflect By Joseph Blandisi.
9:21 of 1st period - Stopped by Calvin Pickard with a rebound.
9:41 of 1st period - Snap shot by Sven Baertschi.
9:41 of 1st period - Stopped by Marek Mazanek with a rebound.
9:43 of 1st period - Wrist shot by Logan Shaw.
9:43 of 1st period - Shot Misses the Net.
10:03 of 1st period - Wrist shot by Vincent Trocheck.
10:03 of 1st period - Stopped by Calvin Pickard with a rebound.
11:30 of 1st period - Snap shot by Anthony Duclair.
11:30 of 1st period - Stopped by Calvin Pickard with a rebound.
12:05 of 1st period - Slapshot by Matt Donovan.
12:05 of 1st period - Deflect By Matt Beleskey.
12:05 of 1st period - Stopped by Marek Mazanek with a rebound.
12:07 of 1st period - Slapshot by Matt Donovan.
12:07 of 1st period - Deflect By Jonathan Tremblay.
12:07 of 1st period - Shot Blocked by Anthony Duclair.
12:07 of 1st period - Puck is out of play.
12:08 of 1st period - Nick Bonino wins face-off versus Tomas Tatar in Sewer Rats zone.
12:19 of 1st period - Snap shot by Mark Mancari.
12:19 of 1st period - Shot Misses the Net.
12:21 of 1st period - Wrist shot by Tomas Tatar.
12:21 of 1st period - Shot Misses the Net.
12:23 of 1st period - Slapshot by Steven Kampfer.
12:23 of 1st period - Shot Blocked by Nick Bonino.
12:48 of 1st period - Slapshot by Nick Bonino.
12:48 of 1st period - Shot Blocked by Jarred Tinordi.
12:50 of 1st period - Slapshot by Michael Sdao.
12:50 of 1st period - Stopped by Marek Mazanek with a rebound.
12:58 of 1st period - Wrist shot by Nick Bonino.
12:58 of 1st period - Stopped by Marek Mazanek with a rebound.
13:00 of 1st period - Snap shot by Nick Bonino.
13:00 of 1st period - Stopped by Marek Mazanek without a rebound.
13:01 of 1st period - Anton Lander wins face-off versus Jonathan Marchessault in Sewer Rats zone.
13:13 of 1st period - Wrist shot by Anton Lander.
13:13 of 1st period - Stopped by Marek Mazanek without a rebound.
13:14 of 1st period - Anton Lander wins face-off versus Jonathan Marchessault in Sewer Rats zone.
13:41 of 1st period - Wrist shot by Daniel Carr.
13:41 of 1st period - Stopped by Calvin Pickard without a rebound.
13:42 of 1st period - Vincent Trocheck wins face-off versus Maxime Macenauer in Mulligans zone.
13:52 of 1st period - Snap shot by Maxime Macenauer.
13:52 of 1st period - Shot Misses the Net.
13:54 of 1st period - Slapshot by Michael Sdao.
13:54 of 1st period - Deflect By Joonas Donskoi.
13:54 of 1st period - Shot Blocked by Steven Kampfer.
13:54 of 1st period - Puck is out of play.
13:55 of 1st period - Jonathan Marchessault wins face-off versus Anton Lander in Sewer Rats zone.
13:55 of 1st period - Jonathan Marchessault is hit by Anton Lander.
14:03 of 1st period - Logan Shaw is hit by Mark Mancari and loses puck.
14:16 of 1st period - Minor Penalty to Logan Shaw for Roughing.
14:17 of 1st period - Maxime Macenauer wins face-off versus Jonathan Marchessault in Mulligans zone.
14:46 of 1st period - Slapshot by Steven Kampfer.
14:46 of 1st period - Deflect By Erik Condra.
14:46 of 1st period - Stopped by Calvin Pickard with a rebound.
14:48 of 1st period - Snap shot by Vincent Trocheck.
14:48 of 1st period - Shot Blocked by Matt Hunwick.
14:50 of 1st period - Slapshot by Erik Condra.
14:50 of 1st period - Shot Blocked by Alexander Sulzer.
14:52 of 1st period - Wrist shot by Steven Kampfer.
14:52 of 1st period - Shot Misses the Net.
15:04 of 1st period - John Ramage is hit by Matt Hunwick and loses puck.
16:16 of 1st period - Penalty to Logan Shaw is over, Logan Shaw is back on ice.
17:36 of 1st period - Snap shot by Drayson Bowman.
17:36 of 1st period - Shot Misses the Net.
17:38 of 1st period - Slapshot by Cade Fairchild.
17:38 of 1st period - Stopped by Marek Mazanek without a rebound.
17:39 of 1st period - Jonathan Marchessault wins face-off versus Maxime Macenauer in Sewer Rats zone.
18:02 of 1st period - Cade Fairchild is hit by Erik Condra and loses puck.
18:34 of 1st period - Major Penalty to Sven Baertschi for Boarding.
18:35 of 1st period - Maxime Macenauer wins face-off versus Jonathan Marchessault in Mulligans zone.
18:48 of 1st period - Snap shot by Mark Mancari.
18:48 of 1st period - Shot Misses the Net.
18:50 of 1st period - Snap shot by Steven Kampfer.
18:50 of 1st period - Stopped by Calvin Pickard with a rebound.
Goals for this period are 0 for Mulligans vs 0 for Sewer Rats.
Shots for this period are 13 for Mulligans vs 9 for Sewer Rats.
2nd period
0:01 of 2nd period - Maxime Macenauer wins face-off versus Jonathan Marchessault in neutral zone.
0:04 of 2nd period - Slapshot by Matt Hunwick.
0:04 of 2nd period - Stopped by Marek Mazanek with a rebound.
0:06 of 2nd period - Snap shot by Maxime Macenauer.
0:06 of 2nd period - Shot Misses the Net.
0:08 of 2nd period - Backhand shot by Alexander Sulzer.
0:08 of 2nd period - Shot Blocked by Jarred Tinordi.
0:10 of 2nd period - Backhand shot by Maxime Macenauer.
0:10 of 2nd period - Stopped by Marek Mazanek with a rebound.
0:12 of 2nd period - Wrist shot by Maxime Macenauer.
0:12 of 2nd period - Stopped by Marek Mazanek without a rebound.
0:13 of 2nd period - Tomas Tatar wins face-off versus Maxime Macenauer in Sewer Rats zone.
0:40 of 2nd period - Snap shot by Vincent Trocheck.
0:40 of 2nd period - Stopped by Calvin Pickard without a rebound.
0:41 of 2nd period - Vincent Trocheck wins face-off versus Anton Lander in Mulligans zone.
0:42 of 2nd period - Wrist shot by Erik Condra.
0:42 of 2nd period - Shot Blocked by Cade Fairchild.
0:44 of 2nd period - Slapshot by Erik Condra.
0:44 of 2nd period - Sewer Rats goal is going for a video replay.
0:44 of 2nd period - The goal is refused. The net was displaced accidentally..
0:45 of 2nd period - Jonathan Marchessault wins face-off versus Maxime Macenauer in Mulligans zone.
0:58 of 2nd period - Wrist shot by Mark Mancari.
0:58 of 2nd period - Stopped by Calvin Pickard without a rebound.
0:59 of 2nd period - Jonathan Marchessault wins face-off versus Maxime Macenauer in Mulligans zone.
1:06 of 2nd period - Snap shot by Tomas Tatar.
1:06 of 2nd period - Stopped by Calvin Pickard with a rebound.
1:38 of 2nd period - Slapshot by Erik Condra.
1:38 of 2nd period - Shot Misses the Net.
3:34 of 2nd period - Penalty to Sven Baertschi is over, Sven Baertschi is back on ice.
4:56 of 2nd period - Dmitrij Jaskin is hit by Maxime Macenauer and loses puck.
5:01 of 2nd period - Wrist shot by Maxime Macenauer.
5:01 of 2nd period - Shot Misses the Net.
5:39 of 2nd period - Anton Lander is hit by Erik Condra and loses puck.
5:54 of 2nd period - Wrist shot by Maxime Macenauer.
5:54 of 2nd period - Shot Blocked by Jarred Tinordi.
6:08 of 2nd period - Dalton Thrower is hit by Martin Frk and loses puck.
7:07 of 2nd period - Slapshot by Matt Donovan.
7:07 of 2nd period - Shot Blocked by Joel Edmundson.
7:29 of 2nd period - Snap shot by Logan Shaw.
7:29 of 2nd period - Deflect By Sven Baertschi.
7:29 of 2nd period - Goal by Sven Baertschi - Mulligans : 1 - Sewer Rats : 0.
7:30 of 2nd period - Nick Bonino wins face-off versus Jonathan Marchessault in neutral zone.
7:35 of 2nd period - Wrist shot by Nick Bonino.
7:35 of 2nd period - Shot Misses the Net.
7:37 of 2nd period - Snap shot by Matt Hunwick.
7:37 of 2nd period - Deflect By Eric Tangradi.
7:37 of 2nd period - Stopped by Marek Mazanek with a rebound.
7:39 of 2nd period - Snap shot by Alexander Sulzer.
7:39 of 2nd period - Shot Misses the Net.
7:41 of 2nd period - Snap shot by Alexander Sulzer.
7:41 of 2nd period - Stopped by Marek Mazanek with a rebound.
7:43 of 2nd period - Slapshot by Alexander Sulzer.
7:43 of 2nd period - Stopped by Marek Mazanek without a rebound.
7:44 of 2nd period - Valeri Nichushkin wins face-off versus Jonathan Marchessault in Sewer Rats zone.
8:16 of 2nd period - Snap shot by Tomas Tatar.
8:16 of 2nd period - Shot Misses the Net.
9:11 of 2nd period - Snap shot by Jonathan Marchessault.
9:11 of 2nd period - Stopped by Calvin Pickard without a rebound.
9:12 of 2nd period - Vincent Trocheck wins face-off versus Nick Bonino in Mulligans zone.
9:39 of 2nd period - Cody Goloubef is hit by Joseph Blandisi and loses puck.
10:01 of 2nd period - Snap shot by Logan Shaw.
10:01 of 2nd period - Stopped by Marek Mazanek without a rebound.
10:02 of 2nd period - Anton Lander wins face-off versus Martin Frk in Sewer Rats zone.
10:27 of 2nd period - John Ramage is hit by Jonathan Tremblay and loses puck.
10:38 of 2nd period - Wrist shot by Matt Beleskey.
10:38 of 2nd period - Stopped by Marek Mazanek with a rebound.
10:40 of 2nd period - Wrist shot by Matt Donovan.
10:40 of 2nd period - Shot Blocked by John Ramage.
10:58 of 2nd period - Slapshot by Joel Edmundson.
10:58 of 2nd period - Goal by Joel Edmundson - Mulligans : 1 - Sewer Rats : 1.
10:59 of 2nd period - Nick Bonino wins face-off versus Jonathan Marchessault in neutral zone.
11:03 of 2nd period - Off-side.
11:04 of 2nd period - Nick Bonino wins face-off versus Jonathan Marchessault in neutral zone.
11:19 of 2nd period - Eric Tangradi is hit by Jarred Tinordi and loses puck.
11:40 of 2nd period - Snap shot by Erik Condra.
11:40 of 2nd period - Stopped by Calvin Pickard with a rebound.
11:58 of 2nd period - Wrist shot by Martin Frk.
11:58 of 2nd period - Stopped by Calvin Pickard with a rebound.
12:00 of 2nd period - Snap shot by Jarred Tinordi.
12:00 of 2nd period - Stopped by Calvin Pickard without a rebound.
12:01 of 2nd period - Nick Bonino wins face-off versus Jonathan Marchessault in Mulligans zone.
12:26 of 2nd period - Sven Baertschi is hit by Erik Condra and loses puck.
12:33 of 2nd period - Slapshot by Vincent Trocheck.
12:33 of 2nd period - Shot Blocked by Logan Shaw.
12:35 of 2nd period - Wrist shot by Erik Condra.
12:35 of 2nd period - Stopped by Calvin Pickard with a rebound.
12:37 of 2nd period - Snap shot by Vincent Trocheck.
12:37 of 2nd period - Shot Misses the Net.
12:39 of 2nd period - Backhand shot by Erik Condra.
12:39 of 2nd period - Shot Blocked by Matt Donovan.
13:06 of 2nd period - Matt Donovan is hit by Anthony Duclair and loses puck.
13:11 of 2nd period - Wrist shot by Martin Frk.
13:11 of 2nd period - Shot Blocked by Matt Donovan.
13:13 of 2nd period - Wrist shot by Anthony Duclair.
13:13 of 2nd period - Deflect By William Karlsson.
13:13 of 2nd period - Stopped by Calvin Pickard without a rebound.
13:14 of 2nd period - Nick Bonino wins face-off versus Jonathan Marchessault in Mulligans zone.
13:39 of 2nd period - Steven Kampfer is hit by Anton Lander and loses puck.
14:22 of 2nd period - Slapshot by Cade Fairchild.
14:22 of 2nd period - Shot Misses the Net.
14:50 of 2nd period - Nick Bonino is hit by Jonathan Marchessault and loses puck.
15:42 of 2nd period - Slapshot by Eric Tangradi.
15:42 of 2nd period - Shot Blocked by Ryan Murphy.
16:10 of 2nd period - Snap shot by Mark Mancari.
16:10 of 2nd period - Stopped by Calvin Pickard with a rebound.
16:28 of 2nd period - Snap shot by Anton Lander.
16:28 of 2nd period - Stopped by Marek Mazanek without a rebound.
16:29 of 2nd period - Nick Bonino wins face-off versus Jonathan Marchessault in Sewer Rats zone.
16:33 of 2nd period - Double Minor Penalty to Mark Mancari for Charging.
16:34 of 2nd period - Nick Cousins wins face-off versus Valeri Nichushkin in Sewer Rats zone.
17:02 of 2nd period - Slapshot by Anton Lander.
17:02 of 2nd period - Stopped by Marek Mazanek with a rebound.
17:04 of 2nd period - Snap shot by Logan Shaw.
17:04 of 2nd period - Shot Misses the Net.
17:06 of 2nd period - Snap shot by Anton Lander.
17:06 of 2nd period - Stopped by Marek Mazanek with a rebound.
17:08 of 2nd period - Snap shot by Logan Shaw.
17:08 of 2nd period - Goal by Logan Shaw - Mulligans : 2 - Sewer Rats : 1.
17:09 of 2nd period - Nick Bonino wins face-off versus Nick Cousins in neutral zone.
17:21 of 2nd period - Erik Condra is hit by Nick Bonino.
17:26 of 2nd period - Off-side.
17:27 of 2nd period - Vincent Trocheck wins face-off versus Anton Lander in neutral zone.
19:08 of 2nd period - Penalty to Mark Mancari is over, Mark Mancari is back on ice.
Goals for this period are 2 for Mulligans vs 1 for Sewer Rats.
Shots for this period are 13 for Mulligans vs 12 for Sewer Rats.
3rd period
0:01 of 3rd period - Jonathan Marchessault wins face-off versus Nick Bonino in neutral zone.
0:06 of 3rd period - Slapshot by Mark Mancari.
0:06 of 3rd period - Shot Misses the Net.
0:58 of 3rd period - Steven Kampfer is hit by Maxime Macenauer.
1:42 of 3rd period - Mark Mancari is hit by Eric Tangradi and loses puck.
2:24 of 3rd period - Icing by Jarred Tinordi.
2:25 of 3rd period - Nick Bonino wins face-off versus William Karlsson in Sewer Rats zone.
2:26 of 3rd period - Wrist shot by Eric Tangradi.
2:26 of 3rd period - Shot Misses the Net.
2:28 of 3rd period - Wrist shot by Valeri Nichushkin.
2:28 of 3rd period - Shot Blocked by Jarred Tinordi.
2:30 of 3rd period - Snap shot by Alexander Sulzer.
2:30 of 3rd period - Deflect By Valeri Nichushkin.
2:30 of 3rd period - Stopped by Marek Mazanek without a rebound.
2:31 of 3rd period - Jonathan Marchessault wins face-off versus Nick Bonino in Sewer Rats zone.
2:40 of 3rd period - Nick Bonino is hit by Jonathan Marchessault and loses puck.
3:03 of 3rd period - Backhand shot by Logan Shaw.
3:03 of 3rd period - Stopped by Marek Mazanek with a rebound.
3:05 of 3rd period - Wrist shot by Alexander Sulzer.
3:05 of 3rd period - Stopped by Marek Mazanek with a rebound.
3:39 of 3rd period - Snap shot by Dmitrij Jaskin.
3:39 of 3rd period - Shot Misses the Net.
3:45 of 3rd period - Slapshot by Matt Donovan.
3:45 of 3rd period - Shot Misses the Net.
4:01 of 3rd period - Snap shot by Mark Mancari.
4:01 of 3rd period - Stopped by Calvin Pickard with a rebound.
4:29 of 3rd period - Slapshot by Daniel Carr.
4:29 of 3rd period - Stopped by Calvin Pickard without a rebound.
4:30 of 3rd period - Jonathan Marchessault wins face-off versus Nick Bonino in Mulligans zone.
4:35 of 3rd period - Slapshot by Tomas Tatar.
4:35 of 3rd period - Shot Misses the Net.
5:18 of 3rd period - Drayson Bowman is hit by Martin Frk and loses puck.
5:44 of 3rd period - Drayson Bowman is hit by Anthony Duclair and loses puck.
6:22 of 3rd period - Joonas Donskoi is hit by Jarred Tinordi and loses puck.
6:33 of 3rd period - Wrist shot by Maxime Macenauer.
6:33 of 3rd period - Stopped by Marek Mazanek with a rebound.
6:47 of 3rd period - Snap shot by William Karlsson.
6:47 of 3rd period - Shot Blocked by Alexander Sulzer.
6:49 of 3rd period - Wrist shot by William Karlsson.
6:49 of 3rd period - Shot Blocked by Alexander Sulzer.
6:51 of 3rd period - Backhand shot by Jarred Tinordi.
6:51 of 3rd period - Shot Blocked by Alexander Sulzer.
6:53 of 3rd period - Wrist shot by William Karlsson.
6:53 of 3rd period - Stopped by Calvin Pickard with a rebound.
6:55 of 3rd period - Slapshot by Jarred Tinordi.
6:55 of 3rd period - Stopped by Calvin Pickard with a rebound.
6:57 of 3rd period - Wrist shot by William Karlsson.
6:57 of 3rd period - Shot Misses the Net.
6:59 of 3rd period - Wrist shot by William Karlsson.
6:59 of 3rd period - Shot Blocked by Matt Hunwick.
7:01 of 3rd period - Wrist shot by William Karlsson.
7:01 of 3rd period - Shot Misses the Net.
7:03 of 3rd period - Slapshot by Steven Kampfer.
7:03 of 3rd period - Stopped by Calvin Pickard with a rebound.
7:05 of 3rd period - Slapshot by Steven Kampfer.
7:05 of 3rd period - Deflect By William Karlsson.
7:05 of 3rd period - Stopped by Calvin Pickard without a rebound.
7:06 of 3rd period - Nick Bonino wins face-off versus Jonathan Marchessault in Mulligans zone.
7:06 of 3rd period - Nick Bonino is hit by Jonathan Marchessault.
8:18 of 3rd period - Alexander Sulzer is hit by Jonathan Marchessault and loses puck.
9:38 of 3rd period - Icing by Cade Fairchild.
9:39 of 3rd period - Nick Cousins wins face-off versus Christoph Bertschy in Mulligans zone.
10:00 of 3rd period - Anton Lander is hit by John Ramage and loses puck.
10:46 of 3rd period - Snap shot by William Karlsson.
10:46 of 3rd period - Stopped by Calvin Pickard with a rebound.
11:02 of 3rd period - Snap shot by Vincent Trocheck.
11:02 of 3rd period - Stopped by Calvin Pickard without a rebound.
11:03 of 3rd period - Erik Condra wins face-off versus Anton Lander in Mulligans zone.
11:04 of 3rd period - Wrist shot by Vincent Trocheck.
11:04 of 3rd period - Shot Blocked by Logan Shaw.
11:11 of 3rd period - Minor Penalty to Logan Shaw for Tripping.
11:12 of 3rd period - Maxime Macenauer wins face-off versus Jonathan Marchessault in Mulligans zone.
11:12 of 3rd period - Maxime Macenauer is hit by Mark Mancari.
13:11 of 3rd period - Penalty to Logan Shaw is over, Logan Shaw is back on ice.
13:16 of 3rd period - Anthony Duclair is hit by Anton Lander and loses puck.
13:25 of 3rd period - Slapshot by Martin Frk.
13:25 of 3rd period - Goal by Martin Frk - Mulligans : 2 - Sewer Rats : 2.
13:26 of 3rd period - Nick Bonino wins face-off versus Jonathan Marchessault in neutral zone.
13:50 of 3rd period - Daniel Carr is hit by Alexander Sulzer.
13:56 of 3rd period - Snap shot by Erik Condra.
13:56 of 3rd period - Shot Misses the Net.
13:58 of 3rd period - Slapshot by Joel Edmundson.
13:58 of 3rd period - Stopped by Calvin Pickard without a rebound.
13:59 of 3rd period - Jonathan Marchessault wins face-off versus Nick Bonino in Mulligans zone.
14:07 of 3rd period - Icing by Cody Goloubef.
14:08 of 3rd period - Nick Bonino wins face-off versus Jonathan Marchessault in Mulligans zone.
14:08 of 3rd period - Nick Bonino is hit by Mark Mancari.
14:35 of 3rd period - Snap shot by Nick Bonino.
14:35 of 3rd period - Shot Blocked by Mark Mancari.
14:37 of 3rd period - Snap shot by Valeri Nichushkin.
14:37 of 3rd period - Shot Misses the Net.
14:41 of 3rd period - Wrist shot by Nick Bonino.
14:41 of 3rd period - Stopped by Marek Mazanek without a rebound.
14:42 of 3rd period - Anton Lander wins face-off versus Vincent Trocheck in Sewer Rats zone.
15:10 of 3rd period - Minor Penalty to Drayson Bowman for Diving.
15:11 of 3rd period - Maxime Macenauer wins face-off versus Jonathan Marchessault in Mulligans zone.
15:30 of 3rd period - Penalty Shot by Steven Kampfer for Sewer Rats.
15:30 of 3rd period - Deke by Steven Kampfer.
15:30 of 3rd period - Stopped by Calvin Pickard.
15:31 of 3rd period - Maxime Macenauer wins face-off versus Vincent Trocheck in Sewer Rats zone.
15:32 of 3rd period - Snap shot by Jonathan Tremblay.
15:32 of 3rd period - Goal by Jonathan Tremblay - Mulligans : 3 - Sewer Rats : 2.
15:33 of 3rd period - Jonathan Marchessault wins face-off versus Maxime Macenauer in neutral zone.
15:40 of 3rd period - Snap shot by Tomas Tatar.
15:40 of 3rd period - Stopped by Calvin Pickard without a rebound.
15:41 of 3rd period - Jonathan Marchessault wins face-off versus Maxime Macenauer in Mulligans zone.
17:10 of 3rd period - Penalty to Drayson Bowman is over, Drayson Bowman is back on ice.
18:03 of 3rd period - Slapshot by Cody Goloubef.
18:03 of 3rd period - Stopped by Marek Mazanek with a rebound.
18:15 of 3rd period - Cody Goloubef is hit by Jonathan Marchessault and loses puck.
18:40 of 3rd period - Matt Hunwick is hit by Joseph Blandisi and loses puck.
18:59 of 3rd period - Mark Mancari is hit by Jonathan Tremblay and loses puck.
19:46 of 3rd period - Wrist shot by Joonas Donskoi.
19:46 of 3rd period - Stopped by Marek Mazanek with a rebound.
19:52 of 3rd period - Snap shot by Joonas Donskoi.
19:52 of 3rd period - Shot Blocked by John Ramage.
19:54 of 3rd period - Snap shot by Alexander Sulzer.
19:54 of 3rd period - Shot Blocked by John Ramage.
19:56 of 3rd period - Snap shot by Matt Hunwick.
19:56 of 3rd period - Shot Misses the Net.
19:58 of 3rd period - Slapshot by Matt Hunwick.
19:58 of 3rd period - Deflect By Tomas Tatar.
19:58 of 3rd period - Stopped by Marek Mazanek with a rebound.
Goals for this period are 1 for Mulligans vs 1 for Sewer Rats.
Shots for this period are 9 for Mulligans vs 11 for Sewer Rats.
Back to the Top